[Event "GER-ch Youth U18w 2019"]
[Site "Willingen"]
[Date "2019.06.14"]
[Round "8.7"]
[White "Browning, Rebecca"]
[Black "Mundt, Alexandra"]
[Result "0-1"]
[ECO "C42"]
[WhiteElo "1923"]
[BlackElo "1797"]
[Annotator "NA"]
[PlyCount "60"]
[EventDate "2019.06.07"]
[EventType "swiss"]
[EventRounds "9"]
[EventCountry "GER"]
[SourceTitle "playchess.com"]
[Source "ChessBase"]
[SourceQuality "1"]
[TimeControl "40/5400+30:1800+30"]

1. e4 e5 2. Nf3 Nf6 3. Nc3 Bb4 4. Nxe5 d6 5. Nf3 Bxc3 6. dxc3 Nxe4 7. Bd3 Nf6 8. O-O O-O 9. h3 Nc6 10. Re1 Be6 11. Ng5 Bd7 12. Nf3 h6 13. b3 Be6 14. a3 Qd7 15. Bb2 Rae8 16. c4 Nh5 17. Ng5 Nf4 18. Nxe6 fxe6 19. Bf1 e5 20. Qg4 Qf7 21. f3 Re6 22. c5 Rg6 23. Qh4 Kh8 24. Kh1 Ne7 25. Rad1 Nf5 26. Qf2 Ng3+ 27. Kh2 Nxf1+ 28. Rxf1 Rxg2+ 29. Qxg2 Nxg2 30. Kxg2 Qg6+ {[%emt 0:00:10] normal} 0-1

[Event "GER-ch Youth U18w 2019"]
[Site "Willingen"]
[Date "2019.06.14"]
[Round "8.8"]
[White "Schneider, Xenia"]
[Black "Fock, Sana"]
[Result "0-1"]
[ECO "B54"]
[WhiteElo "1364"]
[BlackElo "1796"]
[Annotator "NA"]
[PlyCount "51"]
[EventDate "2019.06.07"]
[EventType "swiss"]
[EventRounds "9"]
[EventCountry "GER"]
[SourceTitle "playchess.com"]
[Source "ChessBase"]
[SourceQuality "1"]
[TimeControl "40/5400+30:1800+30"]

1. e4 c5 2. Nf3 d6 3. d4 cxd4 4. Nxd4 Nf6 5. Bd3 e5 6. Nf3 Be7 7. Be3 a6 8. h3 Qc7 9. Nc3 Be6 10. Bg5 Nbd7 11. Qe2 h6 12. Bh4 Rc8 13. O-O O-O 14. Rfe1 b5 15. Qd2 Nb6 16. Rad1 Rfd8 17. g4 d5 18. exd5 Nfxd5 19. Bxe7 Nxe7 20. Nxe5 Nc4 21. Qf4 Nxb2 22. Rb1 Qxc3 23. Nxf7 Nxd3 24. cxd3 Ng6 25. Nxh6+ gxh6 26. Qxh6 {[%emt 0:00:19] normal} 0-1

[Event "GER-ch Youth U18w 2019"]
[Site "Willingen"]
[Date "2019.06.14"]
[Round "8.9"]
[White "Alferova, Ekaterina"]
[Black "Trams, Emma Joe"]
[Result "1/2-1/2"]
[ECO "D00"]
[WhiteElo "1597"]
[BlackElo "1418"]
[Annotator "NA"]
[PlyCount "135"]
[EventDate "2019.06.07"]
[EventType "swiss"]
[EventRounds "9"]
[EventCountry "GER"]
[SourceTitle "playchess.com"]
[Source "ChessBase"]
[SourceQuality "1"]
[TimeControl "40/5400+30:1800+30"]

1. d4 d5 2. Bf4 e6 3. e3 Nf6 4. a3 Bd6 5. Bg3 O-O 6. Nf3 Ne4 7. Bd3 Nf6 8. Nc3 a6 9. Ne2 Nc6 10. c3 h6 11. Qc2 Re8 12. Nf4 e5 13. dxe5 Nxe5 14. Nxe5 Bxe5 15. O-O c6 16. Rad1 Qc7 17. h3 Bd7 18. Rfe1 Rad8 19. Rf1 Bc8 20. Rd2 b5 21. Rfd1 Kf8 22. a4 Bb7 23. axb5 axb5 24. Ra1 Ra8 25. Rdd1 Rxa1 26. Rxa1 Ra8 27. Rxa8+ Bxa8 28. Qb1 Bb7 29. Bg6 Bc8 30. Bd3 Qb8 31. Bc2 Qc7 32. Kf1 Bd6 33. Qd1 Qe7 34. Qf3 Kg8 35. Nh5 Nxh5 36. Bxd6 Qxd6 37. Qxh5 Qe6 38. Qh4 Qd6 39. Kg1 Kf8 40. Qd4 Qe7 41. Qd3 Bd7 42. Qh7 Qf6 43. Qh8+ Ke7 44. Qb8 Qg5 45. Qc7 g6 46. Kf1 h5 47. Bd3 Qf6 48. Qa7 Qd6 49. Kg1 b4 50. Qa5 bxc3 51. bxc3 Qf6 52. Qc5+ Qd6 53. Qa5 Qf6 54. Kf1 Bf5 55. Qc5+ Kd7 56. Bxf5+ Qxf5 57. Qd4 Qb1+ 58. Ke2 Qc2+ 59. Kf3 Qf5+ 60. Qf4 Ke6 61. Qxf5+ Kxf5 62. Ke2 c5 63. Kd3 Ke5 64. c4 f5 65. f3 Kd6 66. g3 Ke5 67. h4 Kd6 68. Kc3 {[%emt 0:01:42] normal} 1/2-1/2

[Event "GER-ch Youth U18w 2019"]
[Site "Willingen"]
[Date "2019.06.14"]
[Round "8.10"]
[White "Tampe, Friederike"]
[Black "Schiewe, Nadin"]
[Result "1-0"]
[ECO "B07"]
[WhiteElo "1512"]
[BlackElo "1608"]
[Annotator "NA"]
[PlyCount "95"]
[EventDate "2019.06.07"]
[EventType "swiss"]
[EventRounds "9"]
[EventCountry "GER"]
[SourceTitle "playchess.com"]
[Source "ChessBase"]
[SourceQuality "1"]
[TimeControl "40/5400+30:1800+30"]

1. e4 d6 2. d4 Nf6 3. Nc3 g6 4. Bg5 Nbd7 5. Nf3 Bg7 6. e5 dxe5 7. dxe5 Ng4 8. e6 fxe6 9. Bc4 Nde5 10. Qxd8+ Kxd8 11. Nxe5 Bxe5 12. h3 Nf6 13. O-O Bxc3 14. bxc3 Ne4 15. Bh6 Rg8 16. Rad1+ Ke8 17. Rd3 c6 18. Rfd1 Nd6 19. Bb3 b5 20. Re1 c5 21. Bxe6 Bxe6 22. Rxe6 Nf5 23. Bf4 Kf7 24. Re5 Rgc8 25. Rdd5 Nd6 26. Rxc5 Rxc5 27. Rxc5 Ne4 28. Rc7 a6 29. Kf1 Rd8 30. Ke2 Nf6 31. c4 Rd4 32. Bg5 Rxc4 33. Rxc4 bxc4 34. Ke3 Nd5+ 35. Kd4 Nb4 36. c3 Nc2+ 37. Kxc4 Ne1 38. g3 Ke6 39. Kc5 Nd3+ 40. Kb6 Nxf2 41. c4 Nxh3 42. Be3 h6 43. c5 Kd7 44. c6+ Kc8 45. Kxa6 Ng5 46. Bxg5 hxg5 47. Kb5 e5 48. Kc5 {[%emt 0:00:12] normal} 1-0

[Event "GER-ch Youth U18w 2019"]
[Site "Willingen"]
[Date "2019.06.14"]
[Round "8.11"]
[White "Kuemmel, Tina"]
[Black "Kadach, Maria"]
[Result "1/2-1/2"]
[ECO "D78"]
[WhiteElo "1446"]
[BlackElo "1448"]
[Annotator "NA"]
[PlyCount "70"]
[EventDate "2019.06.07"]
[EventType "swiss"]
[EventRounds "9"]
[EventCountry "GER"]
[SourceTitle "playchess.com"]
[Source "ChessBase"]
[SourceQuality "1"]
[TimeControl "40/5400+30:1800+30"]

1. Nf3 Nf6 2. g3 g6 3. Bg2 Bg7 4. O-O d5 5. d4 O-O 6. c4 c6 7. b3 Nbd7 8. Bb2 Re8 9. Nc3 e6 10. Re1 Ne4 11. Qc2 f5 12. Rad1 b6 13. Nd2 Ba6 14. e3 Qc7 15. cxd5 cxd5 16. f3 Nxc3 17. Bxc3 Rac8 18. Rc1 Red8 19. Qb2 Qd6 20. e4 fxe4 21. fxe4 Rf8 22. e5 Qb8 23. Bh3 Rfe8 24. Nf3 Bh6 25. Bd2 Bxd2 26. Qxd2 Re7 27. Ng5 Rce8 28. Qf4 Nf8 29. Rc6 Qb7 30. Rec1 h6 31. Nf3 Rh7 32. Rd6 Qf7 33. Qe3 g5 34. Rc2 Rg7 35. Rf2 Qg6 {normal} 1/2-1/2

[Event "GER-ch Youth U18w 2019"]
[Site "Willingen"]
[Date "2019.06.14"]
[Round "8.12"]
[White "Peters, Jenna Maria Lara"]
[Black "Gauchel, Verena"]
[Result "1/2-1/2"]
[ECO "B03"]
[WhiteElo "1594"]
[BlackElo "1534"]
[Annotator "NA"]
[PlyCount "55"]
[EventDate "2019.06.07"]
[EventType "swiss"]
[EventRounds "9"]
[EventCountry "GER"]
[SourceTitle "playchess.com"]
[Source "ChessBase"]
[SourceQuality "1"]
[TimeControl "40/5400+30:1800+30"]

1. e4 Nf6 2. e5 Nd5 3. d4 d6 4. c4 Nb6 5. exd6 cxd6 6. Nc3 g6 7. Be3 Bg7 8. Rc1 O-O 9. b3 Nc6 10. Nf3 Bg4 11. Be2 Rc8 12. d5 Ne5 13. Nxe5 Bxe2 14. Nxe2 Bxe5 15. Bd4 Nd7 16. f4 Qa5+ 17. Qd2 Qxd2+ 18. Kxd2 Bg7 19. Bxg7 Kxg7 20. Rhe1 Nc5 21. Nd4 Rfe8 22. Re2 a6 23. Rce1 Rc7 24. g4 h6 25. h4 Kf8 26. f5 Rd7 27. f6 a5 28. g5 {normal} 1/2-1/2

[Event "GER-ch Youth U18w 2019"]
[Site "Willingen"]
[Date "2019.06.15"]
[Round "9.1"]
[White "Poetsch, Leonore"]
[Black "Schulze, Lara"]
[Result "0-1"]
[ECO "C07"]
[WhiteElo "1982"]
[BlackElo "2160"]
[Annotator "ChessBase"]
[PlyCount "36"]
[EventDate "2019.06.07"]
[EventType "swiss"]
[EventRounds "9"]
[EventCountry "GER"]
[SourceTitle "playchess.com"]
[Source "ChessBase"]
[SourceQuality "1"]
[TimeControl "40/5400+30:1800+30"]

1. e4 e6 2. d4 d5 3. Nd2 c5 4. Ngf3 cxd4 5. Nxd4 Nc6 6. c3 Nxd4 7. cxd4 dxe4 8. Nxe4 Bd7 9. Be3 Bb4+ 10. Nc3 Nf6 11. Qb3 Nd5 12. Bc4 Bxc3+ 13. bxc3 Nxe3 14. fxe3 Qh4+ 15. Ke2 Bc6 16. Rhg1 Qxh2 17. a4 Bxg2 18. Kd3 {[%emt 0:00:05] normal} f5 {[%emt 0:05:58] normal} 0-1

[Event "GER-ch Youth U18w 2019"]
[Site "Willingen"]
[Date "2019.06.15"]
[Round "9.2"]
[White "Arnhold, Steffi"]
[Black "Ziegenfuss, Antonia"]
[Result "0-1"]
[ECO "B23"]
[WhiteElo "1996"]
[BlackElo "2111"]
[Annotator "ChessBase"]
[PlyCount "45"]
[EventDate "2019.06.07"]
[EventType "swiss"]
[EventRounds "9"]
[EventCountry "GER"]
[SourceTitle "playchess.com"]
[Source "ChessBase"]
[SourceQuality "1"]
[TimeControl "40/5400+30:1800+30"]

1. e4 c5 2. Nc3 e6 3. Nf3 Nf6 4. d4 cxd4 5. Nxd4 Nc6 6. Nxc6 bxc6 7. e5 Nd5 8. Ne4 f5 9. exf6 Nxf6 10. Nd6+ Bxd6 11. Qxd6 Ba6 12. Bxa6 Qa5+ 13. Bd2 Qxa6 14. Bb4 O-O-O 15. Rd1 e5 16. f3 e4 17. f4 Rhe8 18. c4 e3 19. Qc5 Ne4 20. Qa5 Qxc4 21. Bc3 Qb5 22. Rd4 Nxc3 23. Qxc3 {[%emt 0:00:11] normal} 0-1

[Event "GER-ch Youth U18w 2019"]
[Site "Willingen"]
[Date "2019.06.15"]
[Round "9.3"]
[White "Moenster, Madita"]
[Black "Ratay, Meike"]
[Result "0-1"]
[ECO "B90"]
[WhiteElo "1994"]
[BlackElo "1991"]
[Annotator "NA"]
[PlyCount "59"]
[EventDate "2019.06.07"]
[EventType "swiss"]
[EventRounds "9"]
[EventCountry "GER"]
[SourceTitle "playchess.com"]
[Source "ChessBase"]
[SourceQuality "1"]
[TimeControl "40/5400+30:1800+30"]

1. e4 c5 2. Nf3 d6 3. d4 Nf6 4. Nc3 cxd4 5. Nxd4 a6 6. f3 e5 7. Nb3 Be6 8. Be3 Be7 9. Qd2 O-O 10. O-O-O Nbd7 11. g4 b5 12. g5 Nh5 {[%emt 0:00:11] unterminated} 13. Kb1 Qc7 {[%emt 0:02:05] unterminated} 14. h4 {[%emt 0:05:43] unterminated} Ng3 15. Rh2 {[%emt 0:06:53] unterminated} Nxf1 16. Rxf1 {[%emt 0:00:07] unterminated} b4 $11 17. Nd5 Bxd5 18. Qxd5 a5 19. h5 a4 20. Na1 a3 21. Qb3 axb2 22. Qxb2 Nc5 23. Bxc5 Qxc5 24. g6 Ra3 25. Nb3 Qc4 26. Rg1 h6 27. gxf7+ Rxf7 28. Rhg2 Bg5 29. Rd1 Rfa7 30. Rf2 {[%emt 0:05:21] normal} 0-1

[Event "GER-ch Youth U18w 2019"]
[Site "Willingen"]
[Date "2019.06.15"]
[Round "9.4"]
[White "Nguyen, Ha Thanh"]
[Black "Reitz, Theresa"]
[Result "1/2-1/2"]
[ECO "B40"]
[WhiteElo "1940"]
[BlackElo "1976"]
[Annotator "NA"]
[PlyCount "59"]
[EventDate "2019.06.07"]
[EventType "swiss"]
[EventRounds "9"]
[EventCountry "GER"]
[SourceTitle "playchess.com"]
[Source "ChessBase"]
[SourceQuality "1"]
[TimeControl "40/5400+30:1800+30"]

1. e4 c5 2. Nf3 e6 3. d4 cxd4 4. Nxd4 Bc5 5. Nb5 Qb6 6. Be3 Bxe3 7. fxe3 Nc6 8. N1c3 Qxe3+ 9. Be2 Kf8 {[%emt 0:00:43] unterminated} 10. Rf1 Nge7 {[%emt 0:05:53] unterminated} 11. Nd6 {[%emt 0:08:08] unterminated} f6 $15 12. Nc4 Qg5 13. Rf2 d5 14. exd5 exd5 15. Qd2 Qxd2+ 16. Nxd2 Kf7 17. O-O-O Rd8 18. Nf3 Kg8 19. Bb5 Be6 20. Re2 Bf7 21. Bxc6 Nxc6 22. Red2 Ne7 23. Kb1 Rac8 24. a3 Rd7 25. Nb5 a6 26. Nc3 Rcd8 27. Na4 Rc7 28. Re1 b5 29. Nc3 Nc8 30. Nd4 {[%emt 0:01:56] normal} 1/2-1/2

[Event "GER-ch Youth U18w 2019"]
[Site "Willingen"]
[Date "2019.06.15"]
[Round "9.5"]
[White "Mundt, Alexandra"]
[Black "Moeller, Lisa-Marie"]
[Result "1/2-1/2"]
[ECO "A04"]
[WhiteElo "1797"]
[BlackElo "1900"]
[Annotator "NA"]
[PlyCount "80"]
[EventDate "2019.06.07"]
[EventType "swiss"]
[EventRounds "9"]
[EventCountry "GER"]
[SourceTitle "playchess.com"]
[Source "ChessBase"]
[SourceQuality "1"]
[TimeControl "40/5400+30:1800+30"]

1. Nf3 c5 2. b3 Nc6 3. Bb2 d6 4. c4 e5 5. d3 g6 6. g3 Bg7 7. Bg2 Nge7 8. Nbd2 O-O 9. Qc2 h6 10. a3 a5 11. O-O Be6 12. Nb1 f5 13. Nc3 g5 14. e3 f4 15. exf4 gxf4 16. Ne4 Ng6 17. Rab1 Qd7 18. Bc3 Nd4 19. Bxd4 exd4 20. b4 axb4 21. axb4 b6 22. bxc5 bxc5 23. Rb6 Bg4 24. Rxd6 Qf5 25. Rd5 Ne5 26. Nh4 Qf7 27. f3 Be6 28. Rxc5 Ra3 29. Nf2 Rfa8 30. Qd2 Rc3 31. Rb5 Raa3 32. Rb8+ Kh7 33. Qe2 Bf5 34. Nxf5 Qxf5 35. Bh3 Qg6 36. Rb5 fxg3 37. hxg3 Qxg3+ 38. Bg2 Nxd3 39. Ne4 Qh4 40. Nxc3 Rxc3 {[%emt 0:00:30] normal} 1/2-1/2

[Event "GER-ch Youth U18w 2019"]
[Site "Willingen"]
[Date "2019.06.15"]
[Round "9.6"]
[White "Fock, Sana"]
[Black "Koehler, Inken"]
[Result "1/2-1/2"]
[ECO "B23"]
[WhiteElo "1796"]
[BlackElo "1975"]
[Annotator "NA"]
[PlyCount "65"]
[EventDate "2019.06.07"]
[EventType "swiss"]
[EventRounds "9"]
[EventCountry "GER"]
[SourceTitle "playchess.com"]
[Source "ChessBase"]
[SourceQuality "1"]
[TimeControl "40/5400+30:1800+30"]

1. e4 c5 2. Nc3 e6 3. f4 d5 4. Bb5+ Bd7 5. Bxd7+ Qxd7 6. d3 Nc6 7. Nf3 Nge7 8. O-O g6 9. Qe1 {[%emt 0:05:23] unterminated} Bg7 10. Kh1 {[%emt 0:10:08] unterminated} O-O-O 11. a4 {[%emt 0:03:37] unterminated} h6 {[%emt 0:06:39] unterminated} 12. a5 {[%emt 0:04:54] unterminated} f6 {[%emt 0:06:01] unterminated} 13. Na4 {[%emt 0:07:13] unterminated} Qd6 $16 14. Qc3 dxe4 15. dxe4 g5 16. Qxc5 gxf4 17. Qxd6 Rxd6 18. Bxf4 e5 19. Be3 f5 20. Bc5 Re6 21. Nc3 fxe4 22. Nh4 Bf6 23. Nf5 Nxf5 24. Rxf5 Nd4 25. Bxd4 exd4 26. Nxe4 Bd8 27. Nc5 Re2 28. Nb3 Rxc2 29. Nxd4 Rxb2 30. Rc1+ Kb8 31. Ne6 Be7 32. h3 Bd6 33. Nc5 {[%emt 0:00:35] normal} 1/2-1/2

[Event "GER-ch Youth U18w 2019"]
[Site "Willingen"]
[Date "2019.06.15"]
[Round "9.7"]
[White "Kobald, Jacqueline"]
[Black "Koenze, Heike"]
[Result "1-0"]
[ECO "C13"]
[WhiteElo "1839"]
[BlackElo "1919"]
[Annotator "NA"]
[PlyCount "69"]
[EventDate "2019.06.07"]
[EventType "swiss"]
[EventRounds "9"]
[EventCountry "GER"]
[SourceTitle "playchess.com"]
[Source "ChessBase"]
[SourceQuality "1"]
[TimeControl "40/5400+30:1800+30"]

1. e4 e6 2. d4 d5 3. Nc3 Nf6 4. Bg5 Be7 5. e5 Nfd7 6. h4 a6 7. Qg4 Bxg5 8. hxg5 c5 9. g6 cxd4 10. Rxh7 Rg8 11. gxf7+ Kxf7 12. Qxd4 Nc6 13. Qf4+ Ke8 14. Nf3 Qc7 15. Rh5 Nf6 16. Rg5 Nh7 17. Rg4 g5 18. Qg3 b5 19. Bd3 Bb7 20. a3 Rd8 21. Ne2 Rd7 22. O-O-O Rdg7 23. Ned4 Nxd4 24. Nxd4 Nf8 25. Rh1 Qa5 26. Nb3 Qb6 27. Rh5 Kd7 28. Nd4 b4 29. a4 Kc8 30. Rh6 b3 31. Nxb3 Rf7 32. Qe3 Qxe3+ 33. fxe3 Rc7 34. Nd4 Kd7 35. Rh5 {[%emt 0:00:36] normal} 1-0

[Event "GER-ch Youth U18w 2019"]
[Site "Willingen"]
[Date "2019.06.15"]
[Round "9.8"]
[White "Browning, Rebecca"]
[Black "Tampe, Friederike"]
[Result "1/2-1/2"]
[ECO "C44"]
[WhiteElo "1923"]
[BlackElo "1512"]
[Annotator "NA"]
[PlyCount "68"]
[EventDate "2019.06.07"]
[EventType "swiss"]
[EventRounds "9"]
[EventCountry "GER"]
[SourceTitle "playchess.com"]
[Source "ChessBase"]
[SourceQuality "1"]
[TimeControl "40/5400+30:1800+30"]

1. e4 e5 2. Nf3 Nc6 3. d4 exd4 4. Nxd4 Nf6 5. Nc3 Bb4 6. Nxc6 bxc6 7. Bd3 d5 8. exd5 Bg4 9. Be2 Bxc3+ 10. bxc3 Qe7 11. f3 Bh5 12. O-O O-O 13. dxc6 Rfd8 14. Bd3 Qc5+ 15. Kh1 Qxc3 16. Bd2 Qxc6 17. Qe2 Bg6 18. Bxg6 hxg6 19. Bg5 Re8 20. Qf2 Nd5 21. a3 a6 22. Qd4 Re6 23. c4 Nb6 24. c5 Nd7 25. Rac1 Rae8 26. h3 Re5 27. Bh4 Rd5 28. Qb4 Rxc5 29. Rxc5 Qxc5 30. Qxc5 Nxc5 31. Rc1 Ne6 32. Rc6 Ra8 33. Bg3 Ra7 34. Bf2 Ra8 {[%emt 0:00:26] normal} 1/2-1/2

[Event "GER-ch Youth U18w 2019"]
[Site "Willingen"]
[Date "2019.06.15"]
[Round "9.9"]
[White "Gauchel, Verena"]
[Black "Alferova, Ekaterina"]
[Result "1-0"]
[ECO "E61"]
[WhiteElo "1534"]
[BlackElo "1597"]
[Annotator "NA"]
[PlyCount "111"]
[EventDate "2019.06.07"]
[EventType "swiss"]
[EventRounds "9"]
[EventCountry "GER"]
[SourceTitle "playchess.com"]
[Source "ChessBase"]
[SourceQuality "1"]
[TimeControl "40/5400+30:1800+30"]

1. d4 Nf6 2. Nf3 d6 3. c4 g6 4. Nc3 Bg7 5. Bg5 O-O 6. h3 h6 7. Bh4 Nbd7 8. e3 c5 9. Be2 b6 10. d5 Ne8 11. Qc2 Ndf6 12. Bd3 Nc7 13. O-O g5 14. Bg3 Nh5 15. Bh2 f5 16. Be2 Qe8 17. Nd2 g4 18. hxg4 fxg4 19. Bd3 Qd8 20. Bg6 Nf6 21. Rae1 Bd7 22. e4 b5 23. b3 b4 24. Nd1 Be8 25. e5 dxe5 26. Bxe5 Nh5 27. Bxe8 Nxe8 28. Qg6 Nhf6 29. Ne3 Kh8 30. Nxg4 Nxg4 31. Bxg7+ Nxg7 32. Qxg4 e6 33. Ne4 exd5 34. Nxc5 dxc4 35. Qxc4 a5 36. Ne6 Nxe6 37. Qxe6 Qd2 38. Re2 Qg5 39. Qe5+ Qxe5 40. Rxe5 a4 41. Re4 axb3 42. axb3 Rfb8 43. Rd1 Ra3 44. Rd3 Ra1+ 45. Kh2 Rb1 46. Re6 Rb2 47. Rxh6+ Kg7 48. Rh4 Rxf2 49. Rdd4 Re8 50. Rxb4 Re3 51. Rbg4+ Kf6 52. Rf4+ Rxf4 53. Rxf4+ Ke5 54. Rf3 Re4 {[%emt 0:00:33] normal} 55. Kh3 Kd5 56. g4 {[%emt 0:01:36] normal} 1-0

[Event "GER-ch Youth U18w 2019"]
[Site "Willingen"]
[Date "2019.06.15"]
[Round "9.10"]
[White "Trams, Emma Joe"]
[Black "Kuemmel, Tina"]
[Result "1/2-1/2"]
[ECO "C01"]
[WhiteElo "1418"]
[BlackElo "1446"]
[Annotator "NA"]
[PlyCount "51"]
[EventDate "2019.06.07"]
[EventType "swiss"]
[EventRounds "9"]
[EventCountry "GER"]
[SourceTitle "playchess.com"]
[Source "ChessBase"]
[SourceQuality "1"]
[TimeControl "40/5400+30:1800+30"]

1. e4 e6 2. d4 d5 3. exd5 exd5 4. Be2 Bd6 5. Nf3 Ne7 6. O-O Bf5 7. Re1 O-O 8. Nbd2 Nd7 9. Nf1 c6 10. Ne3 Bg6 11. c3 Qc7 12. h3 h6 13. Bd3 Nf6 14. Bxg6 Nxg6 15. Nf5 Rae8 16. Rxe8 Rxe8 17. Nxd6 Qxd6 18. Be3 Ne4 19. Nd2 Nf4 20. Nxe4 Rxe4 21. Qd2 Ng6 22. Re1 Qe7 23. Kf1 Nh4 24. f3 Re6 25. Bf2 Nf5 {[%emt 0:01:19] normal} 26. Rxe6 {[%emt 0:01:28] normal} 1/2-1/2

[Event "GER-ch Youth U18w 2019"]
[Site "Willingen"]
[Date "2019.06.15"]
[Round "9.11"]
[White "Fuchs, Emily"]
[Black "Schneider, Xenia"]
[Result "1-0"]
[ECO "B21"]
[WhiteElo "1384"]
[BlackElo "1364"]
[Annotator "NA"]
[PlyCount "46"]
[EventDate "2019.06.07"]
[EventType "swiss"]
[EventRounds "9"]
[EventCountry "GER"]
[SourceTitle "playchess.com"]
[Source "ChessBase"]
[SourceQuality "1"]
[TimeControl "40/5400+30:1800+30"]

1. e4 c5 2. d4 cxd4 3. c3 dxc3 4. Nxc3 e6 5. Bf4 a6 6. Bc4 b5 7. Bb3 Bb7 8. Nf3 Bb4 9. Qe2 Qf6 10. Bd2 Nc6 11. O-O Nd4 12. Nxd4 Qxd4 13. Rfd1 Bc5 14. Be3 Qe5 15. Qd2 Rd8 16. Bf4 Qh5 17. Bc7 d6 18. Bxd8 Kxd8 19. Re1 Nf6 20. h3 Nd7 21. Bc2 Ne5 22. Qf4 g5 23. Qf6+ Kd7 {[%emt 0:00:46] normal} 1-0